 Dungeon Crawl Stone Soup version 0.28-a0-514-g0d7ab7f379 (webtiles) character file.

Game seed: 2936210398116881258

8 elongatedgoose the Charlatan (level 2, -1/24 HPs)
             Began as a Hill Orc Artificer on Sept 22, 2021.
             Slain by a kobold (3 damage)
             ... on level 1 of the Dungeon.
             The game lasted 00:03:05 (256 turns).

elongatedgoose the Charlatan (Hill Orc Artificer)    Turns: 256, Time: 00:03:05

Health: -1/24      AC:  3    Str: 14    XL:     2   Next: 8%
Magic:  2/2        EV: 11    Int: 11    God:
Gold:   0          SH:  0    Dex: 11    Spells: 1/1 levels left

rFire   . . .      SeeInvis .   a - +0 club
rCold   . . .      Faith    .   (no shield)
rNeg    . . .      Spirit   .   b - +0 leather armour
rPois   .          Reflect  .   (no helmet)
rElec   .          Harm     .   (no cloak)
rCorr   +          Rampage  .   (no gloves)
Will    .....                   (no boots)
Stlth   +.........              (no amulet)
HPRegen 0.08/turn               c - ring of resist corrosion
MPRegen 0.08/turn               (no ring)

@: no status effects
A: no striking features
a: no special abilities


You were on level 1 of the Dungeon.
You visited 1 branch of the dungeon, and saw 1 of its levels.

Inventory:

Hand Weapons
 a - a +0 club (weapon)
 j - a +0 mace
Missiles
 g - 17 bolts
 h - 13 stones
Armour
 b - a +0 leather armour (worn)
Jewellery
 c - a ring of resist corrosion (left hand)
Wands
 d - a wand of charming (15)
 i - a wand of flame (15) (quivered)
Scrolls
 k - a scroll of fog {unknown}
 l - a scroll of amnesia {unknown}
Potions
 f - a potion of heal wounds {unknown}
Miscellaneous
 e - a piece from Xom's chessboard (15/15)


   Skills:
 + Level 1.7 Fighting
 + Level 2.4 Armour
 + Level 0.7 Dodging
 + Level 0.7 Stealth
 + Level 3.2 Evocations


You had one spell level left.
You didn't know any spells.
Your spell library was empty.

Dungeon Overview and Level Annotations

Branches:
Dungeon (1/15)

Altars:
Kikubaaqudgha


Message History

The goblin hits you with a +0 club.
* * * LOW HITPOINT WARNING * * *
The kobold hits you but does no damage.
You closely miss the goblin.
The goblin is heavily wounded.
The goblin barely misses you. The kobold closely misses you.
You miss the goblin.
The goblin is heavily wounded.
The goblin barely misses you.
The kobold hits you with a +0 short sword.
* * * LOW HITPOINT WARNING * * *
The goblin barely misses you.
You hit the goblin.
You kill the goblin!
The kobold hits you with a +0 short sword.
* * * LOW HITPOINT WARNING * * *
The kobold barely misses you. The kobold closely misses you. x2
You see here a +0 club.
Found 3 gold pieces.
The kobold hits you with a +0 short sword.
* * * LOW HITPOINT WARNING * * *
You see here 19 arrows.
You see here 3 gold pieces.
You closely miss the kobold. The kobold hits you but does no damage.
The kobold hits you with a +0 short sword.
* * * LOW HITPOINT WARNING * * *
You hit the kobold but do no damage. The kobold barely misses you. x3
The kobold closely misses you.
You hit the kobold.
The kobold is heavily wounded.
The kobold hits you but does no damage. x2
You hit the kobold but do no damage.
The kobold is heavily wounded.
The kobold hits you but does no damage. x2
You closely miss the kobold.
The kobold is moderately wounded.
The kobold misses you.
The kobold hits you with a +0 short sword.
You die...

###..........#..........
###......#.###.........♣
#............#.........♣
......#(................
...#...........
.##.......[..##
...............
.#.#.##KK....## ...#.
#@....... . . ####....#
.. .#### #. .#


You could see 2 kobolds.

Vanquished Creatures
  A dart slug (D:1)
  A giant cockroach (D:1)
  A goblin (D:1)
  A hobgoblin (D:1)
  A ball python (D:1)
  A rat (D:1)
6 creatures vanquished.

Notes
Turn   | Place    | Note
-------+----------+-------------------------------------------
     0 | D:1      | elongatedgoose the Hill Orc Artificer began the quest for
                  | the Orb.
     0 | D:1      | Reached XP level 1. HP: 16/16 MP: 1/1
    16 | D:1      | Found an ancient bone altar of Kikubaaqudgha.
   216 | D:1      | Reached XP level 2. HP: 15/24 MP: 2/2
   243 | D:1      | HP: 1/24 [kobold (1)]
   252 | D:1      | HP: 1/24 [kobold (1)]
   256 | D:1      | Slain by a kobold

Illustrated notes

Levels and vault maps discovered:
D:1:      sevenhm_arrival_forest_fort_small_6, layout_rooms,
          shapermc_ecumenical_altar_mp_ritualfount, minmay_quantized

Action                   || total
-------------------------++-------
Melee: Club              ||    35
Armor: Leather armour    ||    14
Dodge: Dodged            ||    36

Table legend: (Time is in decaauts)
 A = Elapsed time spent in this place.
 B = Non-inter-level travel time spent in this place.
 C = Inter-level travel time spent in this place.
 D = Time resting spent in this place.
 E = Time spent auto-exploring this place.
 F = Levels seen in this place.
 G = Mean time per level.
                   A        B        C        D        E       F      G
               +--------+--------+--------+--------+--------+-----+--------+
         Total |    265 |    262 |      3 |      0 |      0 |   1 |  265.0 |
       Dungeon |    265 |    262 |      3 |      0 |      0 |   1 |  265.0 |
               +--------+--------+--------+--------+--------+-----+--------+

Top non-repeatable levels by time:
     D:1: 265 daAuts
